Get step-by-step instructions on how to execute this build order below. Start the game timer, and the build order will tick by so you can play in parallel with StarCraft on a second screen or mobile device.

Game Time

  0:00

Last Step

  N/A

Next Step

Upcoming Step



Don't want to look back and forth between 2 screens? Try out our Overwolf App, the Spawning Tool Build Advisor to get an in-game overlay with this build!

Complete Build Order

  12  0:01  Drone  
  13  0:13  Overlord  
  13  0:17  Drone  
  14  0:31  Drone x2  
  14  0:35  Drone  
  17  0:53  Hatchery  
  17  0:55  Drone  
  17  0:58  Drone  
  18  1:10  Extractor  
  17  1:17  Drone  
  17  1:18  Spawning Pool  
  17  1:20  Drone  
  18  1:30  Drone  
  19  1:40  Drone  
  20  1:49  Hatchery  
  20  1:52  Drone  
  20  2:02  Drone  
  20  2:07  Drone  
  22  2:09  Queen  
  24  2:17  Drone x2  
  24  2:22  Metabolic Boost  
  26  2:28  Overlord  
  26  2:33  Zergling x4  
  28  2:45  Queen  
  28  2:51  Drone x3  
  33  2:58  Drone  
  34  2:59  Drone  
  34  3:03  Overlord  
  35  3:08  Drone  
  36  3:13  Drone  
  36  3:14  Drone  
  38  3:25  Drone x5  
  42  3:28  Queen  
  42  3:29  Queen  
  42  3:30  Drone  
  47  3:34  Zergling x4  
  47  3:40  Evolution Chamber  
  47  3:42  Zergling x4  
  48  3:48  Drone x2  
  49  3:58  Drone  
  49  4:02  Spore Crawler  
  49  4:03  Spore Crawler  
  47  4:10  Overlord, Drone x3  
  47  4:12  Zerg Melee Weapons Level 1  
  47  4:17  Spore Crawler  
  43  4:19  Drone x3  
  43  4:27  Drone x2  
  43  4:30  Drone  
  45  4:39  Drone x4  
  49  4:48  Drone x4  
  49  4:49  Drone  
  49  4:51  Overlord  
  54  4:59  Overlord  
  54  5:05  Overlord x3  
  53  5:09  Extractor  
  53  5:10  Drone x3, Extractor  
  53  5:16  Drone x4  
  53  5:20  Drone x2  
  59  5:28  Drone x6  
  65  5:36  Drone x4, Extractor  
  65  5:39  Lair  
  68  5:44  Baneling Nest  
  67  5:53  Drone x3  
  67  5:54  Drone x6  
  76  5:59  Pneumatized Carapace  
  76  6:03  Drone x3  
  79  6:05  Extractor  
  79  6:08  Hatchery  
  79  6:10  Zergling x4  
  79  6:15  Zergling x4  
  79  6:16  Zergling x2  
  82  6:24  Zergling x2, Extractor  
  82  6:28  Overlord x6  
  82  6:39  Centrifical Hooks, Zerg Melee Weapons Level 2  
  82  6:42  Hydralisk Den  
  82  6:43  Zergling x6  
  80  6:49  Zergling x2  
  80  6:50  Zergling x14  
  80  6:52  Zergling x8  
  91  6:56  Queen  
  91  7:00  Zergling x4  
  95  7:03  Overseer  
  95  7:05  Zergling x4  
  97  7:18  Hydralisk x3, Muscular Augments  
  97  7:19  Hydralisk  
  97  7:21  Baneling x4  
  105  7:28  Spore Crawler  
  105  7:29  Zergling x4  
  106  7:30  Zergling x4  
  106  7:35  Zergling x6  
  106  7:36  Zergling x10  
  108  7:40  Drone  
  107  7:50  Overlord x2  
  107  7:51  Hydralisk  
  107  7:52  Hydralisk x2  
  107  7:56  Drone x2  
  115  8:01  Hydralisk x3  
  115  8:04  Drone x3  
  124  8:08  Infestation Pit  
  123  8:13  Zergling x18  
  123  8:16  Baneling x6  
  126  8:28  Hydralisk x5  
  129  8:37  Queen  
  129  8:38  Queen  
  133  8:46  Drone x4  
  137  8:53  Hive  
  135  8:56  Zerg Ground Armor Level 1  
  131  9:06  Spire  
  129  9:15  Hatchery  
  129  9:16  Zergling x20  
  138  9:26  Queen x2  
  138  9:27  Overlord x5, Hatchery  
  141  9:32  Spine Crawler  
  141  9:35  Hydralisk x2  
  144  9:39  Spine Crawler, Extractor  
  142  9:48  Hydralisk x4  
  150  10:01  Queen  
  150  10:03  Baneling x3  
  150  10:04  Baneling x2  
  150  10:09  Drone x5  
  150  10:10  Drone x2  
  156  10:20  Greater Spire, Corruptor x4  
  156  10:21  Corruptor  
  164  10:28  Corruptor x2  
  170  10:41  Overlord x2, Burrow  
  170  10:46  Spore Crawler  
  170  10:49  Drone x4  
  173  10:50  Overlord x2  
  173  10:51  Spine Crawler, Drone  
  173  10:52  Spine Crawler  
  173  10:55  Zerg Ground Armor Level 2  
  172  10:58  Adrenal Glands  
  172  11:23  Drone x3  
  174  11:34  Spine Crawler  
  174  11:35  Spine Crawler, Drone x4  
  174  11:38  Brood Lord x7  
  190  11:47  Baneling x7  
  190  11:54  Zerg Flyer Armor Level 1  
  190  11:56  Nydus Network  
  189  12:06  Mutalisk x3  
  175  12:15  Corruptor  
  175  12:16  Corruptor  
  175  12:20  Mutalisk  
  175  12:22  Zergling x36  
  199  12:26  Spine Crawler, Extractor  
  199  12:29  Spine Crawler  
  196  12:33  Extractor  
  196  12:36  Overseer  
  195  12:38  Zergling x10  
  198  12:47  Hydralisk x3  
  193  12:54  Brood Lord x2  
  193  12:58  Mutalisk x2  
  187  13:02  Zergling x20  
  198  13:19  Zergling x6  
  200  13:23  Baneling x4  
  200  13:30  Zerg Melee Weapons Level 3  
  198  13:48  Corruptor  
  155  14:12  Hydralisk  
  155  14:13  Hydralisk x7  
  169  14:22  Zerg Flyer Armor Level 2  
  156  14:33  Mutalisk x6  
  156  14:34  Mutalisk  
  156  14:36  Queen x2  
  156  14:37  Drone x3, Hatchery  
  156  14:38  Drone x2  
  171  14:45  Hydralisk  
  169  14:46  Zergling x6  
  172  14:57  Drone x10  
  176  15:26  Hatchery  
  175  15:29  Nydus Canal  
  162  15:36  Drone x7  
  162  15:37  Drone x8  
  162  15:41  Overseer  
  176  15:45  Zergling x4  
  167  15:58  Brood Lord  
  167  16:01  Nydus Canal  
  167  16:03  Baneling x3  
  167  16:06  Baneling x2  
  167  16:13  Drone x11  
  167  16:14  Drone x2  
  167  16:17  Spore Crawler  
  179  16:19  Spine Crawler  
  179  16:20  Nydus Canal  
  178  16:33  Zerg Ground Armor Level 3  
  178  16:38  Zerg Flyer Weapons Level 1  
  178  16:40  Drone x5, Spine Crawler  
  178  16:41  Spine Crawler x3  
  178  16:42  Drone x7  
  186  16:49  Nydus Canal  
  186  16:54  Spore Crawler  
  186  16:56  Extractor  
  186  16:58  Spine Crawler, Extractor  
  186  17:00  Corruptor x5  
  192  17:15  Spine Crawler  
  192  17:16  Spine Crawler x2  
  192  17:18  Pathogen Glands  
  164  17:24  Corruptor x3  
  166  17:31  Spine Crawler  
  166  17:32  Spine Crawler  
  164  17:45  Infestor x6  
  176  18:06  Infestor x2  
  180  18:15  Corruptor  
  180  18:16  Corruptor x2  
  180  18:19  Drone x13  
  176  18:38  Spine Crawler  
  176  18:40  Spine Crawler, Drone x11  
  176  18:41  Spine Crawler  
  184  18:42  Spine Crawler  
  184  18:44  Spine Crawler  
  182  18:50  Infestor x3  
  188  18:59  Corruptor  
  190  19:23  Hatchery  
  189  19:25  Spine Crawler  
  189  19:26  Infestor x3, Spine Crawler  
  193  19:36  Zerg Flyer Armor Level 3  
  193  19:48  Overlord x2  
  193  19:51  Drone  
  193  19:52  Drone  
  195  20:00  Corruptor  
  181  20:24  Overlord x3  
  153  20:48  Corruptor x11  
  169  21:02  Corruptor  
  169  21:03  Corruptor x2  
  173  21:06  Corruptor  
  169  21:15  Infestor x4  
  177  21:22  Infestor  
  179  21:37  Corruptor  
  179  21:38  Corruptor  
  183  21:40  Zergling x18  
  192  21:48  Brood Lord  
  194  22:04  Queen x2  
  198  22:23  Hatchery  
  197  22:30  Overseer  
  197  22:40  Brood Lord  
  194  22:54  Brood Lord  
  193  23:11  Extractor  
  187  23:15  Extractor  
  186  23:27  Zerg Flyer Weapons Level 2  
  186  23:41  Spine Crawler  
  185  23:42  Spine Crawler  
  185  23:43  Spine Crawler  
  185  23:46  Spine Crawler  
  185  23:47  Spine Crawler  
  181  23:49  Spine Crawler  
  181  23:54  Corruptor x8  
  196  24:01  Spine Crawler  
  191  24:11  Brood Lord  
  178  24:59  Corruptor x3  
  178  25:03  Overlord x5  
  182  25:14  Hatchery  
  177  25:26  Zergling x36  
  195  25:38  Infestor  
  197  25:43  Drone  
  194  26:07  Overlord x4  
  165  26:28  Zergling x2  
  165  26:29  Zergling x12  
  152  26:42  Overseer  
  152  26:44  Drone x11  
  163  26:51  Overseer  
  163  26:58  Corruptor x4  
  163  27:00  Queen  
  163  27:01  Queen x3  
  163  27:08  Extractor  
  166  27:16  Corruptor  
  168  27:27  Baneling  
  170  27:30  Zergling x22  
  162  28:06  Queen x3  
  162  28:08  Baneling x2  
  168  28:19  Brood Lord  
  170  28:28  Hatchery  
  169  28:37  Queen  
  169  28:40  Overseer  
  171  28:42  Queen  
  173  28:57  Drone x2  
  173  29:02  Brood Lord  
  177  29:11  Brood Lord  
  179  29:18  Spore Crawler  
  179  29:20  Overseer  
  179  29:22  Zergling x8  
  179  29:23  Hatchery  
  179  29:33  Queen  
  181  29:44  Baneling x2  
  181  29:45  Baneling x4  
  181  29:49  Queen  
  181  30:13  Brood Lord  
  183  30:15  Brood Lord  
  183  30:20  Spine Crawler x3, Baneling  
  183  30:21  Baneling x2  
  182  30:23  Evolution Chamber, Spine Crawler  
  182  30:24  Drone x3  
  182  30:26  Evolution Chamber  
  182  30:28  Drone  
  183  30:43  Zergling x14  
  183  30:44  Extractor x2  
  183  30:48  Extractor